[Event "*** SCC Grand Prix: Titled Tuesday Blitz"]
[Site "Chess.com"]
[Date "2020.08.25"]
[Round "3"]
[White "pavelalexandru07"]
[Black "evgenyermolaev"]
[Result "0-1"]
[WhiteElo "2211"]
[BlackElo "2474"]
[TimeControl "180+1"]
[EndTime "10:30:42 PDT"]
[Termination "evgenyermolaev won on time"]

1. e4 d5 2. exd5 Qxd5 3. Nc3 Qe6+ 4. Qe2 Qg6 5. Nf3 Qxc2 6. Qc4 Qg6 7. Qxc7 Na6 8. Qa5 Qe6+ 9. Be2 Nf6 10. O-O Qb6 11.
Qxb6 axb6 12. Na4 Nd7 13. Bb5 Nc7 14. Bxd7+ Bxd7 15. Nxb6 Ra5 16. Nxd7 Kxd7 17. d4 e6 18. Bd2 Rd5 19. Rfc1 Bd6 20. a3 f6 21. b4 g5 22. Be3 g4 23. Nd2 f5 24. Nc4 Na8 25.
Rab1 b5 26. Nxd6 Kxd6 27. Rc5 Nb6 28. Rbc1 Nc4 29. Bf4+ Ke7 30. a4 Rxd4 31. Bg5+ Kf7 32. Rxb5 h6 33. Rb7+ Kg6 34. Be3 Re4 35. Bc5 Rd8 36.
g3 Nd2 37. a5 Nf3+ 38. Kg2 Rd2 39. a6 Rc2 40. Rxc2 Re1 0-1

[Event "*** SCC Grand Prix: Titled Tuesday Blitz"]
[Site "Chess.com"]
[Date "2020.08.25"]
[Round "3"]
[White "GregShahade"]
[Black "elcandado"]
[Result "0-1"]
[WhiteElo "2668"]
[BlackElo "2519"]
[TimeControl "180+1"]
[EndTime "10:30:43 PDT"]
[Termination "elcandado won by resignation"]

1. e4 d6 2. d4 Nf6 3. Nc3 e5 4. Nge2 Be7 5. g3 c6 6. Bg2 b5 7.
O-O a6 8. a3 Nbd7 9. h3 h5 10.
Be3 Bb7 11. Qd2 O-O 12. Kh2 Re8 13. Rad1 Bf8 14. Rfe1 Qc7 15. Nc1 exd4 16. Bxd4 c5 17. Bxf6 Nxf6 18. Nd5 Bxd5 19. exd5 g6 20. Nd3 Bg7 21.
Nf4 Rxe1 22. Rxe1 Re8 23. c3 Qd8 24. Re2 Re7 25. Qe1 Rxe2 26. Qxe2 Qe8 27. Qxe8+ Nxe8 28. Kg1 Nc7 29. Kf1 Na8 30. Ke2 Nb6 31. Kd3 Kf8 32. Bf3 Ke7 33. h4 Kf6 34. Nh3 Bh6 35.
Bg2 Kf5 36. Be4+ Kf6 37. f4 Nc4 38. Kc2 Ne3+ 39. Kd3 Nf1 40. Ng5 Nxg3 41. Bg2 Bxg5 42. fxg5+ Ke5 43. c4 b4 44. axb4 cxb4 45. Bh3 a5 46. Bd7 Nf5 47. Bxf5 gxf5 48. b3 f4 49. Ke2 a4 50. bxa4 b3 51. Kd2 f3 52. a5 b2 53.
Kc2 f2 54. a6 f1=Q 55. a7 0-1

[Event "*** SCC Grand Prix: Titled Tuesday Blitz"]
[Site "Chess.com"]
[Date "2020.08.25"]
[Round "3"]
[White "alfiefischer77"]
[Black "JRenatoMaranhao"]
[Result "1-0"]
[WhiteElo "2292"]
[BlackElo "2049"]
[TimeControl "180+1"]
[EndTime "10:30:43 PDT"]
[Termination "alfiefischer77 won by checkmate"]

1. e4 c6 2. d4 d5 3. exd5 cxd5 4. c4 Nf6 5. Nc3 e6 6. Nf3 Bb4 7. cxd5 Nxd5 8. Bd2 O-O 9. Bd3 Nc6 10. O-O Nxc3 11.
bxc3 Be7 12. Qc2 h6 13. Rfe1 Bd7 14. Rab1 b6 15. c4 Rc8 16. Bh7+ Kh8 17. Qd3 f5 18.
Bg6 Bf6 19. d5 Ne7 20. dxe6 Bxe6 21. Qxd8 Rfxd8 22. Rxe6 Nxg6 23. Rc1 Ne5 24. Nxe5 Rxd2 25. a4 Bxe5 26. Rxe5 Rxc4 27. Rf1 Rxa4 28. Rxf5 Raa2 29. g3 a6 30. Rb1 b5 31. Rc1 Rdc2 32. Rd1 Rd2 33.
Rc1 b4 34. Rc7 a5 35. Rff7 b3 36. Rxg7 Rxf2 37. Rge7 Rg2+ 38. Kf1 Raf2+ 39. Ke1 Kg8 40. Rc8+ Rf8 41. Rcc7 Rff2 42. Rg7+ Kf8 43. Rh7 Ke8 44. Rc8# 1-0

[Event "*** SCC Grand Prix: Titled Tuesday Blitz"]
[Site "Chess.com"]
[Date "2020.08.25"]
[Round "3"]
[White "Speshka"]
[Black "denispopov"]
[Result "0-1"]
[WhiteElo "2227"]
[BlackElo "1885"]
[TimeControl "180+1"]
[EndTime "10:30:43 PDT"]
[Termination "denispopov won by resignation"]

1. e4 c5 2. Nf3 Nc6 3. d4 cxd4 4. Nxd4 e5 5. Nb5 a6 6. Nd6+ Bxd6 7. Qxd6 Qf6 8. Qc7 Nge7 9. Be3 d5 10. Bd3 d4 11.
Bd2 O-O 12. O-O b5 13. Qb6 Qd6 14. f4 Rb8 15. fxe5 Qxe5 16. Bf4 Rxb6 17. Bxe5 Nxe5 18. Nd2 Nxd3 19. cxd3 Rc6 20. Nb3 Rd8 21. Rac1 Rxc1 22. Rxc1 Be6 23. Rc7 Ng6 24. Nc5 Nf4 25. g3 Nh3+ 26.
Kg2 Ng5 27. h4 Bh3+ 28. Kh2 Ne6 29. Rc6 Nxc5 30. Rxc5 Be6 31. Rc6 Ra8 32. a3 h5 33.
Rd6 Rc8 34. Rxd4 Rc2+ 35. Kg1 Rxb2 36. Rd8+ Kh7 37. d4 Bg4 38. d5 Re2 39. Re8 Re3 40. d6 Rxg3+ 41. Kf2 Rxa3 42. Re7 Kg6 43. Ra7 Kf6 44. d7 Ke7 45. d8=Q+ Kxd8 46. Rxf7 Rf3+ 47. Rxf3 Bxf3 48. Kxf3 Ke7 49. Ke3 Ke6 50. Kd4 a5 51. e5 a4 0-1

[Event "*** SCC Grand Prix: Titled Tuesday Blitz"]
[Site "Chess.com"]
[Date "2020.08.25"]
[Round "3"]
[White "Taron_Shagbazyan"]
[Black "chigorin28"]
[Result "1-0"]
[WhiteElo "2654"]
[BlackElo "2464"]
[TimeControl "180+1"]
[EndTime "10:30:44 PDT"]
[Termination "Taron_Shagbazyan won on time"]

1. d4 Nf6 2. c4 c5 3. d5 b5 4.
Nc3 b4 5. Nb1 a5 6. a4 e6 7. f3 d6 8. e4 Qc7 9. Bd3 exd5 10. exd5 Be7 11. Ne2 O-O 12. O-O Re8 13. b3 Nbd7 14. f4 Bf8 15. h3 Ne4 16. Bb2 f5 17.
Nd2 Ndf6 18. Nf3 Qd8 19. Qc2 Ra7 20. Ng5 g6 21. Bxe4 Nxe4 22. Nxe4 fxe4 23. Rae1 Bg7 24. Bxg7 Rxg7 25. Ng3 e3 26. Rf3 Qf6 27. Rfxe3 Rge7 28. Rxe7 Rxe7 29. Rxe7 Qxe7 30. Qe4 Qf7 31. Kh2 Bd7 32. Qe3 Qf6 33. Ne4 Qe7 34. g4 Kg7 35. Kg3 Kg8 36. Qe1 h5 37. Kf3 hxg4+ 38. hxg4 Qg7 39. Nxd6 Qb2 40. Qe7 Qxb3+ 41. Kg2 Qc2+ 42. Kg3 Qd3+ 43. Kh4 Bxg4 44. Qf7+ Kh8 45. Kxg4 Qe2+ 46. Kg5 Qh5+ 47. Kf6 Qh4+ 48. Kxg6 Qg4+ 49. Kf6 Qxf4+ 50. Nf5 1-0

[Event "*** SCC Grand Prix: Titled Tuesday Blitz"]
[Site "Chess.com"]
[Date "2020.08.25"]
[Round "3"]
[White "Jungle_Jaguar"]
[Black "dennisodessa"]
[Result "1-0"]
[WhiteElo "2636"]
[BlackElo "2399"]
[TimeControl "180+1"]
[EndTime "10:30:44 PDT"]
[Termination "Jungle_Jaguar won by resignation"]

1. e4 e6 2. d4 d5 3. Nc3 Nc6 4. e5 f6 5. Bb5 Bd7 6. Nf3 a6 7.
Bxc6 Bxc6 8. Be3 Qd7 9. Qd2 Ne7 10. exf6 gxf6 11. Bh6 O-O-O 12. Bxf8 Rdxf8 13. O-O-O Rhg8 14. Rhg1 Ng6 15. Rde1 Re8 16. Qh6 e5 17. h4 Qg4 18.
h5 Qf4+ 19. Qxf4 Nxf4 20. g3 Nh3 21. Rg2 e4 22. Nh4 Ref8 23. Nf5 Kd7 24. Ne3 Ke6 25. Ncxd5 Bxd5 26. c4 c6 27. Kb1 f5 28. cxd5+ cxd5 29. Rh2 Ng5 30. Rc1 Rc8 31. Rhh1 Nf3 32. Rxc8 Rxc8 33.
Rd1 Nh2 34. Ng2 Ng4 35. Nf4+ Kd6 36. Rd2 Nh2 37. a3 Nf3 38. Rd1 Rc4 39. Ne2 b5 40. b3 Rc7 41. Kb2 a5 42. Nc3 Kc6 43. a4 b4 44. Ne2 Kd6 45. h6 Rc3 46. Nxc3 bxc3+ 47. Kxc3 Kc6 48. b4 axb4+ 49. Kxb4 Kb6 50. a5+ Ka6 51. Kc5 1-0

[Event "*** SCC Grand Prix: Titled Tuesday Blitz"]
[Site "Chess.com"]
[Date "2020.08.25"]
[Round "3"]
[White "AGW2016"]
[Black "FLamps8"]
[Result "1-0"]
[WhiteElo "2350"]
[BlackElo "2505"]
[TimeControl "180+1"]
[EndTime "10:30:44 PDT"]
[Termination "AGW2016 won by resignation"]

1. d4 d5 2. c4 e6 3. Nf3 Nf6 4. g3 dxc4 5. Bg2 a6 6. O-O Nc6 7. e3 Rb8 8. Nfd2 e5 9. Nxc4 exd4 10. Bxc6+ bxc6 11. exd4 Be6 12. b3 h5 13. h4 Nd5 14.
Bd2 Be7 15. Nc3 g5 16. hxg5 Bxg5 17. Ne4 Bxd2 18. Qxd2 h4 19. Qg5 Qxg5 20. Nxg5 hxg3 21. fxg3 Rg8 22. Nxe6 fxe6 23. Kg2 Ke7 24. Rf3 Rgf8 25. Raf1 Rxf3 26. Rxf3 Nb4 27. Rf2 Rd8 28. Rd2 c5 29.
dxc5 Rxd2+ 30. Nxd2 Nxa2 31. Kf3 Nb4 32. Ke4 Kf6 33.
g4 Nc6 34. Nf3 Na5 35. Nd4 Nb7 36. b4 Nd8 37. Nf3 Nc6 38. g5+ Kg7 39. Nd4 Nxb4 40. Nxe6+ Kg6 41. Nxc7 Kxg5 42. Kd4 Kf6 43. Kc4 Nc6 44.
Kd5 Nb4+ 45. Kc4 Nc6 46. Nxa6 Ke6 47. Nc7+ Kd7 48. Nd5 Ne5+ 49. Kb5 Kc8 50. Kb6 Nc4+ 51. Kb5 Ne5 52. Ne7+ Kd7 53. Nf5 Kc7 54. Ne3 Nd7 55.
Nd5+ Kc8 56. c6 Ne5 57. c7 Nf7 58. Kc6 Nd8+ 59. Kb6 Ne6 60. Ne7+ Kd7 61. c8=Q+ 1-0

[Event "*** SCC Grand Prix: Titled Tuesday Blitz"]
[Site "Chess.com"]
[Date "2020.08.25"]
[Round "3"]
[White "timator"]
[Black "Grandmaster2B"]
[Result "0-1"]
[WhiteElo "2653"]
[BlackElo "2423"]
[TimeControl "180+1"]
[EndTime "10:30:45 PDT"]
[Termination "Grandmaster2B won on time"]

1. Nf3 Nf6 2. b3 c5 3. Bb2 Nc6 4. g3 d5 5. Bg2 Bf5 6. O-O e6 7. d3 Be7 8. Nbd2 O-O 9. Re1 Bg6 10. e4 b5 11. Ne5 Nxe5 12. Bxe5 d4 13. Bxf6 gxf6 14.
h4 h6 15. h5 Bh7 16. Qg4+ Kh8 17. Qf4 Kg7 18. a4 a6 19. Qf3 Rb8 20. axb5 axb5 21. Ra7 c4 22. bxc4 Bc5 23. Qg4+ Kh8 24. Qf4 Bxa7 25. Qxh6 e5 26. Bh3 Rg8 27. Ra1 Bc5 28. Nb3 Bf8 29. Qd2 bxc4 30. dxc4 Bxe4 31. Ra7 d3 32. Nc1 dxc2 33. Qe3 Qd1+ 34. Bf1 Qf3 35.
Qxf3 Bxf3 36. Bd3 e4 37. Bxc2 Bh6 38. Nb3 e3 39. Rxf7 Bg7 40. fxe3 Rbd8 41. Kf2 Bxh5 42. Ra7 Ra8 43. Rb7 Ra2 44. Nd4 f5 45. Nxf5 Rxc2+ 46. Kg1 Rxc4 0-1

[Event "*** SCC Grand Prix: Titled Tuesday Blitz"]
[Site "Chess.com"]
[Date "2020.08.25"]
[Round "3"]
[White "WiktoriaPOL"]
[Black "mattcolins2025"]
[Result "0-1"]
[WhiteElo "1914"]
[BlackElo "2454"]
[TimeControl "180+1"]
[EndTime "10:30:45 PDT"]
[Termination "mattcolins2025 won on time"]

1. c4 g6 2. Nc3 Bg7 3. g3 c5 4. Bg2 Nc6 5. e4 e6 6. Nge2 Nge7 7. d3 O-O 8. O-O Nd4 9. Be3 Nec6 10. f4 d6 11. Rb1 a5 12. a3 e5 13. Nd5 Bg4 14.
Bxd4 Nxd4 15. Ndc3 Qd7 16. Qd2 Nb3 17. Qc2 a4 18.
Nd5 Ra6 19. f5 gxf5 20. h3 Bxe2 21. Qxe2 Nd4 22. Qh5 fxe4 23. dxe4 Qd8 24. h4 Ra8 25. Bh3 f6 26. Rbd1 Qe8 27. Qg4 h5 28. Qd7 Qxd7 29.
Bxd7 Rf7 30. Rxd4 cxd4 31. Be6 Kf8 32. Bxf7 Kxf7 33. Rf5 Rh8 34. Kf2 Ke6 35. Ke2 Rh6 36.
Nb6 Bf8 37. Nxa4 Be7 38. Nb6 Bd8 39. Nd5 Rh8 40. b4 Rg8 41. Kf3 d3 42. Rxh5 d2 43. Ne3 Bb6 44. Nd1 Bd4 45. g4 Ra8 46. g5 Rxa3+ 47. Ke2 fxg5 48. hxg5 Rg3 49. Rh6+ Kd7 50.
Rg6 Rg2+ 0-1

[Event "*** SCC Grand Prix: Titled Tuesday Blitz"]
[Site "Chess.com"]
[Date "2020.08.25"]
[Round "3"]
[White "crackcubano"]
[Black "Vsevolod_Ovchinnikov"]
[Result "1-0"]
[WhiteElo "2648"]
[BlackElo "2417"]
[TimeControl "180+1"]
[EndTime "10:30:46 PDT"]
[Termination "crackcubano won on time"]

1. Nf3 Nf6 2. c4 g6 3. g3 Bg7 4. Bg2 d5 5. d4 dxc4 6. Na3 O-O 7. Nxc4 Nc6 8. O-O Be6 9. b3 Bd5 10. Bb2 a5 11. Rc1 a4 12. bxa4 Nd7 13. e3 Bxc4 14.
Rxc4 Nb6 15. Rc2 Rxa4 16. a3 e6 17. Nd2 Qa8 18. Ne4 Rc4 19. Nc5 Rd8 20. Qe2 Rxc2 21. Qxc2 Nd5 22. Rc1 Na5 23. Nd3 c6 24. a4 Nb6 25.
Ra1 Nac4 26. Bc1 Nd6 27. a5 Nd5 28. Bd2 Rc8 29. Rb1 Qa7 30. Qb3 Rc7 31. Nc5 h5 32. h3 Kh7 33. g4 hxg4 34. hxg4 Kg8 35.
Bf3 Nf6 36. Kg2 Nd7 37. Nd3 Qa6 38. Be2 Qa7 39. Be1 Qa8 40. Bf3 Qa7 41. Bb4 Nb5 42.
g5 Bf8 43. Bxf8 Nxf8 44. Qb4 Nd7 45. Qe7 Qxa5 46. Rh1 1-0

[Event "*** SCC Grand Prix: Titled Tuesday Blitz"]
[Site "Chess.com"]
[Date "2020.08.25"]
[Round "3"]
[White "ajdemipopushi"]
[Black "ErikBlomqvist"]
[Result "0-1"]
[WhiteElo "2295"]
[BlackElo "2515"]
[TimeControl "180+1"]
[EndTime "10:30:46 PDT"]
[Termination "ErikBlomqvist won on time"]

1. Nf3 c5 2. g3 Nc6 3. Bg2 g6 4. c4 Bg7 5. O-O d6 6. Nc3 Bf5 7. d3 Qd7 8. Re1 Nf6 9. Rb1 O-O 10. a3 a5 11. Bd2 Bh3 12. Bh1 Nd4 13. Ng5 Bg4 14.
b4 axb4 15. axb4 h6 16. Nge4 Nxe4 17. Nxe4 b6 18. Nc3 Ra3 19. Nd5 Ra2 20. Nxb6 Qe6 21. f3 Bh3 22. Nd5 Nc2 23. Nf4 Qd7 24. Nxh3 Nxe1 25. Nf4 Nc2 26. Bg2 Bd4+ 27. Kh1 e6 28.
b5 Ne3 29. Bxe3 Bxe3 30. Nh3 g5 31. f4 g4 32. Ng1 f5 33. Bc6 Qc7 34. Kg2 Rb8 35.
h3 h5 36. hxg4 hxg4 37. Qb3 Rd2 38. Rb2 Rxb2 39. Qxb2 Qf7 40. Qa1 Bd4 41. Qa5 Qe7 42. Qa6 Qc7 0-1

[Event "*** SCC Grand Prix: Titled Tuesday Blitz"]
[Site "Chess.com"]
[Date "2020.08.25"]
[Round "3"]
[White "zmeeed67"]
[Black "rududuyk"]
[Result "0-1"]
[WhiteElo "2449"]
[BlackElo "2157"]
[TimeControl "180+1"]
[EndTime "10:30:46 PDT"]
[Termination "rududuyk won by resignation"]

1. e4 e6 2. Nf3 d5 3. e5 c5 4. b4 c4 5. a3 a5 6. b5 Nd7 7. a4 Qc7 8. d4 cxd3 9. cxd3 Nxe5 10.
Bb2 Nxf3+ 11. Qxf3 Bb4+ 12. Nd2 Qc2 13. Bc1 Bc3 14.
Rb1 Qxb1 15. Qd1 Bxd2+ 16. Qxd2 Qb4 17. Be2 Nf6 18. O-O Qxd2 19. Bxd2 O-O 20. Rc1 b6 21. Bf4 Bd7 22. Be3 Rfc8 23. Re1 Rab8 24. f4 Rc2 25. g4 Ra2 26. g5 Ne8 27. Bd1 Nd6 28.
Bb3 Rb2 29. Bd1 Nf5 30. Bf2 h6 31. h4 hxg5 32. fxg5 f6 33. g6 e5 34. h5 d4 35.
Bg4 Rd8 36. Rf1 Nh6 37. Bd1 Be6 38. Bh4 Nf5 39. Bg4 Nxh4 40. Bxe6+ Kh8 41. h6 Rg2+ 42.
Kh1 Rxg6 43. hxg7+ Kxg7 44. Kh2 Rh8 45. Bh3 Rg5 46.
Rc1 Ng6 47. Rc7+ Kh6 48. Rf7 Nf4 49. Bf1 Kg6+ 0-1

[Event "*** SCC Grand Prix: Titled Tuesday Blitz"]
[Site "Chess.com"]
[Date "2020.08.25"]
[Round "3"]
[White "Ermito2020"]
[Black "Beca95"]
[Result "1/2-1/2"]
[WhiteElo "2633"]
[BlackElo "2868"]
[TimeControl "180+1"]
[EndTime "10:30:47 PDT"]
[Termination "Game drawn - insufficient material"]

1. e4 e6 2. d4 d5 3. Nc3 Bb4 4. e5 c5 5. a3 Bxc3+ 6. bxc3 Ne7 7. Qg4 Qc7 8. Qxg7 Rg8 9. Qxh7 cxd4 10. Ne2 dxc3 11.
f4 Nbc6 12. h4 Bd7 13. h5 O-O-O 14. Qd3 Nf5 15. h6 Rg6 16. h7 Rh8 17. Rh3 d4 18.
Rb1 Rg7 19. g3 Nce7 20. Nxd4 Nxd4 21. Qxd4 Nf5 22. Qxa7 Bc6 23. Qa8+ Qb8 24. Qxb8+ Kxb8 25. Rb3 Rhxh7 26. Rxh7 Rxh7 27. Rxc3 Rh1 28. Kf2 Rh2+ 29. Ke1 Nd4 30. Bd3 Rh1+ 31. Kd2 Nf3+ 32. Ke3 Rxc1 33. Rxc6 bxc6 34. Kxf3 Kc7 35. g4 Ra1 36. f5 exf5 37.
gxf5 Rxa3 38. Kf4 Kd7 39. f6 Ra4+ 40. Kf5 Ke8 41. Be4 Rc4 42. Bd3 Rc3 43. Be4 Kf8 44. Bd3 c5 45. Be4 Re3 46. Bd5 Rc3 47. Be4 c4 48. e6 fxe6+ 49. Kxe6 Re3 50. Ke5 Ra3 51. Kd4 Kf7 52. Bd5+ Kxf6 53. Bxc4 Ke7 54. c3 Kd6 55. Bd5 Ra1 56. c4 Rd1+ 57. Ke3 Ke5 58. Kf3 Rd3+ 59. Kg4 Rxd5 60. cxd5 Kxd5 1/2-1/2

[Event "*** SCC Grand Prix: Titled Tuesday Blitz"]
[Site "Chess.com"]
[Date "2020.08.25"]
[Round "3"]
[White "chessdjw"]
[Black "Sjakkerntobi"]
[Result "1-0"]
[WhiteElo "2595"]
[BlackElo "2387"]
[TimeControl "180+1"]
[EndTime "10:30:48 PDT"]
[Termination "chessdjw won by checkmate"]

1. d4 e6 2. c4 d5 3. Nc3 Nf6 4. cxd5 exd5 5. Bg5 c6 6. e3 Bf5 7. Qf3 Bg6 8. Bxf6 Qxf6 9. Qxf6 gxf6 10. Nf3 Nd7 11.
Nh4 Be7 12. Ne2 f5 13. g3 Bxh4 14. gxh4 Nf6 15. Nf4 Nh5 16. Nxh5 Bxh5 17. Rg1 Ke7 18. Bh3 Rhg8 19. Kd2 Bg4 20. Bf1 Ke6 21. Bd3 Rg6 22.
Rg3 Rag8 23. b4 f4 24. exf4 Bf5 25. Re1+ Kf6 26. Re5 Bxd3 27. Kxd3 Rg4 28. Rg5 R8xg5 29. fxg5+ Kf5 30. Rf3+ Rf4 31. Ke3 Rxf3+ 32. Kxf3 b6 33. h3 Ke6 34. Kf4 Kd6 35. h5 c5 36. bxc5+ bxc5 37. dxc5+ Kxc5 38. Ke3 Kc4 39. Kd2 Kd4 40.
f3 Ke5 41. Ke3 Kf5 42. h4 Ke5 43. h6 Kf5 44. Kd4 Kf4 45. Kxd5 Kxf3 46. Ke5 Kg4 47. Kf6 Kxh4 48. Kxf7 Kxg5 49. Kg7 a5 50. Kxh7 Kf6 51. Kg8 Ke6 52. h7 Kd5 53. h8=Q Kc4 54. Qb2 Kc5 55. a4 Kc4 56. Qb5+ Kc3 57. Qxa5+ Kb3 58. Qb5+ Kc3 59. a5 Kd4 60. a6 Kc3 61. a7 Kd4 62. a8=Q Ke3 63. Qad5 Kf4 64. Qf1+ Kg3 65. Qdg2+ Kh4 66. Qfh1# 1-0

[Event "*** SCC Grand Prix: Titled Tuesday Blitz"]
[Site "Chess.com"]
[Date "2020.08.25"]
[Round "3"]
[White "RobertoJBM"]
[Black "vladislavkovalev"]
[Result "0-1"]
[WhiteElo "2630"]
[BlackElo "2890"]
[TimeControl "180+1"]
[EndTime "10:30:49 PDT"]
[Termination "vladislavkovalev won on time"]

1. d4 Nf6 2. c4 g6 3. Nc3 Bg7 4. e4 d6 5. f3 O-O 6. Be3 c5 7. dxc5 dxc5 8. Qxd8 Rxd8 9. Bxc5 Nc6 10. Nd5 Nd7 11.
Ba3 e6 12. Ne3 Nde5 13. Rd1 Bd7 14. Ne2 Bh6 15. f4 Be8 16. Bd6 f5 17. exf5 exf5 18.
c5 Nf7 19. g3 Nxd6 20. cxd6 Bf8 21. Nc4 b5 22. Ne5 Bxd6 23. Bg2 Bb4+ 24. Nc3 Rxd1+ 25. Kxd1 Rd8+ 26. Kc1 Nxe5 27. fxe5 Bxc3 28. bxc3 Kf7 29. Rd1 Rxd1+ 30. Kxd1 Ke6 31. Kd2 Kxe5 32. Ke3 a5 33. a3 Bf7 34. Bc6 Bc4 35. h4 h6 36. Be8 g5 37. hxg5 hxg5 38. a4 b4 39. cxb4 axb4 40. a5 b3 41. Kd2 Kd4 42. Bg6 f4 43. gxf4 gxf4 44. Ke1 Ke3 45. Kd1 f3 0-1

[Event "*** SCC Grand Prix: Titled Tuesday Blitz"]
[Site "Chess.com"]
[Date "2020.08.25"]
[Round "3"]
[White "1f3_2g41-0"]
[Black "sergiochess83"]
[Result "0-1"]
[WhiteElo "2446"]
[BlackElo "2842"]
[TimeControl "180+1"]
[EndTime "10:30:49 PDT"]
[Termination "sergiochess83 won by resignation"]

1. e4 c5 2. Nf3 d6 3. d4 cxd4 4. Nxd4 Nf6 5. Nc3 a6 6. h3 e6 7. g4 Be7 8. Bg2 Nfd7 9. Be3 Nc6 10. Qe2 O-O 11. O-O-O Nxd4 12. Bxd4 b5 13. e5 d5 14. Qe3 Bb7 15. f4 b4 16. Na4 Qa5 17. b3 Bc6 18.
Bb6 Nxb6 19. Qxb6 Qxb6 20. Nxb6 Rab8 21. Nc4 Bb5 22. Nb2 Bh4 23. Nd3 Rfc8 24. Kb2 g5 25.
fxg5 a5 26. Rhf1 Rc3 27. Rf3 Rbc8 28. Rd2 Bxg5 29. Rdf2 Bh4 30. Rd2 Bg5 31. Rdf2 Bxd3 32. Rxd3 Rxd3 33. cxd3 Rc3 34. Rf3 Bc1+ 35. Kb1 Ba3 36.
Rf1 Rxd3 37. Kc2 Re3 38. Kd2 Rxe5 39. h4 h6 40. Kd3 Kg7 41. Rb1 Kf6 42. Rf1+ Ke7 43.
Bf3 f6 44. Rb1 Kd6 45. Kd4 Ke7 46. Rf1 Bb2+ 47. Kc5 Re3 48. Kb5 Bc3 49. Kxa5 d4 50.
Kb5 d3 51. Kc4 d2 52. Rb1 Re1 53. Bd1 Re3 54. a4 bxa3 55. Ra1 Bxa1 56. Bc2 Bb2 57. Kb4 Re1 58. Kb5 Rc1 59. Bd1 Rxd1 60. Kc4 Rc1+ 61.
Kb4 a2 62. Ka4 a1=Q+ 63. Kb4 Qa3+ 64. Kb5 Rc5+ 65. Kb6 Qa5+ 66. Kb7 Rc7+ 0-1

[Event "*** SCC Grand Prix: Titled Tuesday Blitz"]
[Site "Chess.com"]
[Date "2020.08.25"]
[Round "3"]
[White "TomasKapitanchuk"]
[Black "binbin239"]
[Result "0-1"]
[WhiteElo "2384"]
[BlackElo "2591"]
[TimeControl "180+1"]
[EndTime "10:30:50 PDT"]
[Termination "binbin239 won on time"]

1. e4 c5 2. Nf3 Nc6 3. Bb5 g6 4. Bxc6 bxc6 5. O-O Bg7 6. Re1 Nf6 7. e5 Nd5 8. c4 Nb6 9. b3 O-O 10. d4 cxd4 11.
Qxd4 d6 12. Qh4 Nd7 13. Bb2 Rb8 14. Nbd2 dxe5 15. Rad1 Qa5 16. Qxe7 Qxa2 17. Bc3 Qc2 18. Rc1 Qf5 19. Nxe5 Nxe5 20. Bxe5 Rb7 21. Qc5 Bxe5 22. Rxe5 Qf4 23. Re3 Bf5 24. Rce1 Rd7 25. Nf3 Qc7 26.
Nh4 Be6 27. Nf3 h6 28. Nd4 Bg4 29. Nxc6 Kg7 30. Qe5+ Kh7 31. Qxc7 Rxc7 32. Ne5 Be6 33. h3 Rb8 34. Rd1 Rcb7 35. Rdd3 Bf5 36. Rc3 Kg7 37. c5 Rc7 38. g4 Be6 39. Red3 Rb5 40. b4 Rxb4 41. c6 Re4 42. Nd7 Rc4 43. Rxc4 Bxc4 44. Rc3 Bd5 45. Nb8 a5 46. f4 a4 47. Kf2 Bb3 48. Na6 Rc8 49. c7 Be6 0-1

[Event "*** SCC Grand Prix: Titled Tuesday Blitz"]
[Site "Chess.com"]
[Date "2020.08.25"]
[Round "3"]
[White "Iskusnyh"]
[Black "mbojan"]
[Result "0-1"]
[WhiteElo "2558"]
[BlackElo "2797"]
[TimeControl "180+1"]
[EndTime "10:30:51 PDT"]
[Termination "mbojan won on time"]

1. d4 Nf6 2. c4 c5 3. d5 b5 4. Qc2 bxc4 5. e4 e6 6. Bxc4 exd5 7.
exd5 d6 8. Nf3 Be7 9. O-O O-O 10. Nc3 Nbd7 11. b3 Nb6 12. Re1 Rb8 13. Bd2 Re8 14. h3 Nxc4 15. bxc4 Rb4 16. Nb5 Rxb5 17. cxb5 Nxd5 18.
Rad1 Be6 19. a4 h6 20. Qd3 Nf6 21. Bc3 Nd5 22. Ba1 Nb4 23. Qc3 Bf6 24. Qd2 Be7 25.
Qc3 Bf6 26. Qd2 Be7 27. Qb2 Bf8 28. Ne5 Qf6 29. Nc6 Qxb2 30. Bxb2 Nxc6 31. bxc6 Rc8 32.
Bc3 Rxc6 33. Rb1 d5 34. Rb8 d4 35. Bd2 g5 36. a5 Kg7 37. a6 Rxa6 38. Rb7 Rc6 39.
Rxa7 c4 40. Re4 c3 41. Bc1 Bc5 42. Ra5 d3 43. Re3 d2 44. Bxd2 cxd2 45. Rd3 Rd6 0-1

[Event "*** SCC Grand Prix: Titled Tuesday Blitz"]
[Site "Chess.com"]
[Date "2020.08.25"]
[Round "3"]
[White "dpopadic"]
[Black "Flawless_Fighter"]
[Result "0-1"]
[WhiteElo "2370"]
[BlackElo "2561"]
[TimeControl "180+1"]
[EndTime "10:30:51 PDT"]
[Termination "Flawless_Fighter won by checkmate"]

1. e4 c5 2. Nc3 e6 3. d3 Nc6 4.
g4 Nge7 5. Bg2 g6 6. Nh3 Bg7 7.
O-O d6 8. f4 h5 9. g5 Nd4 10.
Ne2 Qb6 11. Kh1 Bd7 12. c3 Nxe2 13. Qxe2 O-O-O 14. Be3 Qa6 15. Rfd1 Kb8 16. a4 Rc8 17.
Nf2 d5 18. Qc2 Ka8 19. Qb3 Rhd8 20. Qa3 d4 21. Bd2 e5 22. cxd4 exd4 23. Rdc1 Bf8 24. Qa2 Be6 25. Qb1 c4 26. dxc4 Bxc4 27. b3 Be6 28. Qb2 Nc6 29. Bf1 d3 30. Bc3 Qb6 31. Kg2 h4 32. h3 Qe3 33. Bd2 Qg3+ 34. Kh1 Qxf2 35. b4 Nd4 36. Bc3 Qf3+ 37. Bg2 Qxf4 38.
Bxd4 Bd6 39. Bg1 d2 40. Rxc8+ Rxc8 41. Rd1 Qg3 42. Qxd2 Bxh3 43. Qxd6 Qxg2# 0-1

[Event "*** SCC Grand Prix: Titled Tuesday Blitz"]
[Site "Chess.com"]
[Date "2020.08.25"]
[Round "3"]
[White "AntonovaNadezhda"]
[Black "PauloCesarCosta_sad"]
[Result "1/2-1/2"]
[WhiteElo "2035"]
[BlackElo "2270"]
[TimeControl "180+1"]
[EndTime "10:30:53 PDT"]
[Termination "Game drawn by repetition"]

1. d4 d5 2. Nf3 c6 3. e3 Bf5 4. c4 e6 5. Nc3 Nf6 6. Nh4 Bg6 7. Nxg6 hxg6 8. g3 Nbd7 9. Bg2 dxc4 10. O-O Rc8 11. a4 Bb4 12. Qe2 Nb6 13. a5 Nbd5 14. Qxc4 Nxc3 15. bxc3 Be7 16. e4 O-O 17. Bf4 Nh5 18.
Be3 Nf6 19. h3 Qd7 20. Rab1 Ne8 21. Qb3 Nd6 22. c4 b5 23. axb6 axb6 24. e5 Nf5 25.
Qxb6 Rb8 26. Qxb8 Rxb8 27. Rxb8+ Kh7 28. Rfb1 Nxe3 29. fxe3 Bg5 30. Kf2 Qa7 31. R8b7 Qa2+ 32. R1b2 Qxc4 33. Rxf7 c5 34. Rbb7 Bh6 35. dxc5 Qxc5 36.
Rf3 Qc2+ 37. Kg1 Qc1+ 38. Kh2 Bxe3 39. h4 Bh6 40. g4 Bf4+ 41. Kh3 Bxe5 42. Rff7 Qe3+ 43.
Rf3 Qe4 44. Rbf7 Qe1 45. g5 Qb4 46. Rf8 Qb1 47. R8f7 Qc2 48. Rf2 Qd3+ 49. R2f3 Qc2 50. Rf2 Qd3+ 51. R2f3 Qc2 1/2-1/2

[Event "*** SCC Grand Prix: Titled Tuesday Blitz"]
[Site "Chess.com"]
[Date "2020.08.25"]
[Round "3"]
[White "Dr-Bassem"]
[Black "Sophist4Life"]
[Result "0-1"]
[WhiteElo "2775"]
[BlackElo "2446"]
[TimeControl "180+1"]
[EndTime "10:30:54 PDT"]
[Termination "Sophist4Life won on time"]

1. e4 c5 2. Nf3 d6 3. g3 Nc6 4. Bg2 g6 5. O-O Bg7 6. c3 Nf6 7.
Re1 O-O 8. h3 Rb8 9. d4 cxd4 10.
cxd4 d5 11. e5 Ne4 12. Nbd2 Nxd2 13. Bxd2 h6 14. Bf4 Kh7 15. Rc1 Be6 16. Qd2 Rc8 17. Rc3 Na5 18. Rxc8 Bxc8 19. Rc1 Nc4 20. Qc3 Bd7 21. Ne1 Bc6 22. b3 Nb6 23. Nd3 Nd7 24.
Nb4 Nb8 25. Qc5 f6 26. e6 f5 27. Qxa7 g5 28. Be5 Bxe5 29. dxe5 f4 30. Nxc6 bxc6 31. g4 f3 32. Bf1 Rf4 33. a3 h5 34. gxh5 g4 35. Qe3 Qf8 36. h4 Kg8 37. Bd3 Qh6 38.
Kh2 d4 39. Qd2 g3+ 40. Kg1 gxf2+ 41. Kf1 Qg7 42. Bg6 Qh6 43. Kxf2 Na6 44. Rg1 Nc5 45. b4 Kf8 46. bxc5 Rxh4 0-1

[Event "*** SCC Grand Prix: Titled Tuesday Blitz"]
[Site "Chess.com"]
[Date "2020.08.25"]
[Round "3"]
[White "Korchmar_Vasiliy"]
[Black "margarita_2703"]
[Result "1-0"]
[WhiteElo "2597"]
[BlackElo "2388"]
[TimeControl "180+1"]
[EndTime "10:30:54 PDT"]
[Termination "Korchmar_Vasiliy won by resignation"]

1. d4 Nf6 2. Nf3 d5 3. Bf4 c5 4.
e3 Nc6 5. Nbd2 Qb6 6. dxc5 Qxc5 7. a3 Bg4 8. c4 e5 9. Bg5 Ne4 10. b4 Qd6 11. cxd5 Qxd5 12. Bc4 Qxd2+ 13. Nxd2 Bxd1 14. Nxe4 Bh5 15. O-O Bg6 16. Bd5 Be7 17. Bxe7 Kxe7 18. Bxc6 bxc6 19. Nc5 Rhd8 20. Rfd1 Rd5 21. e4 Rd4 22.
Rxd4 exd4 23. Rd1 Rd8 24. f3 f5 25. e5 f4 26. g3 d3 27. Kf2 Rd4 28. gxf4 Rxf4 29. Ke3 Rh4 30. Rd2 Rc4 31. Nxd3 Rc3 32. a4 Ra3 33. a5 Rb3 34. Kd4 Bxd3 35. Rxd3 Rxb4+ 36. Kc5 Rb5+ 37. Kxc6 Rxa5 38. Rd7+ Ke6 39.
f4 Rc5+ 40. Kxc5 Kxd7 41. h4 Ke6 42. Kb5 h5 43. Ka6 g5 44. fxg5 Kxe5 45. Kxa7 Kf5 46.
Kb6 Kg6 47. Kc5 Kh7 48. Kd5 Kg6 49. Ke6 1-0